 Dungeon Crawl Stone Soup version 0.28-a0-863-g8cecda6153 (webtiles) character file.

Game seed: 17173398721708732751

5 horus123 the Magician (level 1, -1/10 HPs)
             Began as a Deep Elf Hedge Wizard on Nov 17, 2021.
             Frozen to death by an endoplasm (3 damage)
             ... on level 1 of the Dungeon.
             The game lasted 00:00:41 (289 turns).

horus123 the Magician (Deep Elf Hedge Wizard)        Turns: 289, Time: 00:00:42

Health: -1/10      AC:  2    Str:  7    XL:     1   Next: 66%
Magic:  4/7        EV: 12    Int: 18    God:
Gold:   0          SH:  0    Dex: 14    Spells: 7/8 levels left

rFire   . . .      SeeInvis .   a - +0 dagger
rCold   . . .      Faith    .   (no shield)
rNeg    . . .      Spirit   .   b - +0 robe
rPois   .          Reflect  .   c - +0 hat
rElec   .          Harm     .   (no cloak)
rCorr   .          Rampage  .   (no gloves)
Will    .....                   (no boots)
Stlth   ++........              (no amulet)
HPRegen 0.03/turn               (no ring)
MPRegen 0.10/turn               (no ring)

@: no status effects
A: no striking features
a: no special abilities


You were on level 1 of the Dungeon.
You visited 1 branch of the dungeon, and saw 1 of its levels.

Inventory:

Hand Weapons
 a - a +0 dagger (weapon)
Armour
 b - a +0 robe (worn)
 c - a +0 hat (worn)
Scrolls
 d - a scroll of magic mapping {unknown}


   Skills:
 - Level 2.4 Dodging
 - Level 2.4 Stealth
 - Level 4.4 Spellcasting
 + Level 2.0 Conjurations
 - Level 1.1 Summonings
 - Level 1.1 Translocations


You had 7 spell levels left.
You knew the following spells:

 Your Spells              Type           Power      Damage    Failure   Level
a - Magic Dart            Conj           44%        1d5       6%          1

Your spell library contained the following spells:

 Spells                   Type           Power      Damage    Failure   Level
 Slow                     Hex            12%        N/A       14%         1
 Blink                    Tloc           14%        N/A       14%         2
 Call Imp                 Summ           7%         N/A       14%         2
 Conjure Flame            Conj/Fire      7%         6-21      28%         3
 Mephitic Cloud           Conj/Pois/Air  6%         N/A       32%         3


Dungeon Overview and Level Annotations

Branches:
Dungeon (1/15)

Altars:


Message History

The magic dart hits the ball python.
The ball python is moderately wounded.
The ball python hisses angrily.
The magic dart hits the ball python.
You kill the ball python!
Your Conjurations skill increases to level 2!
You open the door. You open the door.
There is an open door here.
You open the door.
There is an open door here.
Found a short sword.
Found a stone staircase leading down.
Found 20 bolts.
An endoplasm comes into view.
A frilled lizard comes into view.
You see here a +0 short sword.
The frilled lizard hisses angrily.
The endoplasm freezes you.
You are frozen.
The magic dart hits the endoplasm.
The endoplasm is lightly wounded.
The endoplasm hits you.
You are too injured to fight recklessly!
You are too injured to fight recklessly!
Aiming: Magic Dart (safe; 6% risk of failure)
Press: ? - help, Q - select action Shift-Dir - straight line, f/p - endoplasm
Aim: an endoplasm (lightly wounded, 100% to hit)
The magic dart hits the endoplasm.
The endoplasm is moderately wounded.
The endoplasm hits you.
* * * LOW HITPOINT WARNING * * *
Aiming: Magic Dart (safe; 6% risk of failure)
Press: ? - help, Q - select action Shift-Dir - straight line, f/p - endoplasm
Aim: an endoplasm (moderately wounded, 100% to hit)
The magic dart hits the endoplasm.
The endoplasm is severely wounded.
The endoplasm freezes you.
You are frozen.
You die...

### #. ... #. #.# #. #.#
#. ######.##### ######.
#....#.....## #......
#.##.#.###..#
#...l..#####.##.#.####'#
#.....>@).........#.....
######..J###.####.#.####
#...###...##.# #
#...##.##.##.# #
#...##.#.....#.####
######....#..#.....
#.#.....#.#### #.#.....#
# #.......#.####


You could see an endoplasm and a frilled lizard.

Vanquished Creatures
  2 hobgoblins (D:1)
  2 ball pythons (D:1)
  A bat (D:1)
  A frilled lizard (D:1)
6 creatures vanquished.

Notes
Turn   | Place    | Note
-------+----------+-------------------------------------------
     0 | D:1      | horus123 the Deep Elf Hedge Wizard began the quest for the
                  | Orb.
     0 | D:1      | Reached XP level 1. HP: 10/10 MP: 7/7
   289 | D:1      | Frozen to death by an endoplasm

Illustrated notes

Levels and vault maps discovered:
D:1:      shiori_angband_town, layout_basic

Skill      XL: |  1 |
---------------+----+-----
Conjurations   | 2 |  2.0
Dodging        | |  2.4
Stealth        | |  2.4
Spellcasting   | |  4.4
Summonings     | |  1.1
Translocations | |  1.1

Action                   || total
-------------------------++-------
 Cast: Magic Dart        ||    16
Dodge: Dodged            ||     1

Table legend: (Time is in decaauts)
 A = Elapsed time spent in this place.
 B = Non-inter-level travel time spent in this place.
 C = Inter-level travel time spent in this place.
 D = Time resting spent in this place.
 E = Time spent auto-exploring this place.
 F = Levels seen in this place.
 G = Mean time per level.
                   A        B        C        D        E       F      G
               +--------+--------+--------+--------+--------+-----+--------+
         Total |    289 |    289 |      0 |      0 |    234 |   1 |  289.0 |
       Dungeon |    289 |    289 |      0 |      0 |    234 |   1 |  289.0 |
               +--------+--------+--------+--------+--------+-----+--------+

Top non-repeatable levels by time:
     D:1: 289 daAuts
